 Dungeon Crawl Stone Soup version 0.29-a0-670-g5ff2a30383 (webtiles) character file.

Game seed: 15924972206646531327

669 Conn the Firebug (level 8, 61/67 HPs)
             Began as a Meteoran Cinder Acolyte on June 24, 2022.
             Was an Initiate of Sif Muna.
             Quit the game on level 4 of the Dungeon.
             The game lasted 00:16:04 (2142 turns).

Conn the Firebug (Meteoran Cinder Acolyte)          Turns: 2142, Time: 00:16:05

Health: 61/67      AC:  3    Str: 17    XL:     8   Next: 13%
Magic:  4/17       EV: 12    Int: 23    God:    Sif Muna [......]
Gold:   93         SH:  5    Dex:  9    Spells: 16/18 levels left

rFire   . . .      SeeInvis .   a - -1 mace (flame)
rCold   + . .      Faith    .   (no shield)
rNeg    . . .      Spirit   .   b - +0 robe
rPois   .          Reflect  +   (no helmet)
rElec   .          Harm     .   e - +0 cloak
rCorr   .          Rampage  .   (no gloves)
Will    +....                   (no boots)
Stlth   +.........              d - amulet of reflection
HPRegen 0.21/turn               o - ring of protection from cold
MPRegen 0.15/turn               p - +6 ring of intelligence

@: glowing, fire susceptible
A: sense surroundings 1, otherworldly, glowing, explore regen
a: Renounce Religion


You were on level 4 of the Dungeon.
You worshipped Sif Muna.
Sif Muna was noncommittal.
You visited 2 branches of the dungeon, and saw 5 of its levels.

You collected 93 gold pieces.

Inventory:

Hand Weapons
 a - a -1 mace of flaming (weapon)
 f - a +0 dagger of protection
Missiles
 q - 6 curare-tipped darts (quivered)
Armour
 b - a +0 robe (worn)
 e - a +0 cloak (worn)
Jewellery
 d - an amulet of reflection (around neck)
 o - a ring of protection from cold (left hand)
 p - a +6 ring of intelligence (right hand)
Scrolls
 g - a scroll of identify
 h - a scroll of magic mapping
 j - a scroll of enchant weapon
 k - a scroll of vulnerability
 l - a scroll of fog
Potions
 c - a potion of curing
 i - a potion of berserk rage
 n - a potion of heal wounds


   Skills:
 + Level 4.6 Fighting
 + Level 5.1 Maces & Flails
 + Level 2.3 Dodging
 + Level 0.1 Stealth
 + Level 0.7 Shields
 + Level 5.5 Spellcasting
 + Level 6.7 Fire Magic


You had 16 spell levels left.
You knew the following spells:

 Your Spells              Type           Power      Damage    Failure   Level
a - Scorch                Fire           74%        2d8       1%          2

Your spell library contained the following spells:

 Spells                   Type           Power      Damage    Failure   Level
 Necrotize                Necr           24%        1d5       9%          1
 Vampiric Draining        Necr           6%         2d6       26%         3
 Agony                    Necr           6%         N/A       94%         5


Dungeon Overview and Level Annotations

Branches:
Dungeon (4/15) Zot: 626    Temple (1/1) D:4 Zot: 409

Altars:
Ashenzari
Dithmenos
Fedhas
Gozag
Kikubaaqudgha
Makhleb
Nemelex Xobeh
Okawaru
Qazlal
Ru
Sif Muna
Trog
Vehumet
Wu Jian
Xom
Yredelemnul
The Shining One


Innate Abilities, Weirdness & Mutations

You passively map a small area around you.
You are easily found by Zot.
You glow in the dark.
You regain HP and MP as you explore.


Message History

The orc wizard casts a spell.
The orc wizard flickers and vanishes!
Deactivating autopickup; reactivate with Ctrl-A.
Casting: Scorch (safe; 1% risk of failure)
Confirm with . or Enter, or press ? or * to list all spells.
Flames lash the orc priest.
The orc priest is burned terribly!
You kill the orc priest!
Sif Muna accepts your kill.
Unknown command.
Casting: Scorch (safe; 1% risk of failure)
Confirm with . or Enter, or press ? or * to list all spells.
Flames lash something.
Casting: Scorch (safe; 1% risk of failure)
Confirm with . or Enter, or press ? or * to list all spells.
You don't know that spell.
Casting: Scorch (safe; 1% risk of failure)
Confirm with . or Enter, or press ? or * to list all spells.
Flames lash something.
Sif Muna accepts your kill.
Reactivating autopickup.
You feel a bit more experienced.
Unknown command.
Casting: Scorch (safe; 1% risk of failure)
Confirm with . or Enter, or press ? or * to list all spells.
You don't have enough magic to cast this spell.
Casting: Scorch (safe; 1% risk of failure)
Confirm with . or Enter, or press ? or * to list all spells.
You don't have enough magic to cast this spell.
You sock the orc! You burn the orc.
You kill the orc!
Sif Muna accepts your kill.
Items here: )) [ ††.
Items here: ))) †.
f - a +0 dagger of protection You are already wielding that!
Items here: )) [ ††.
Items here: )) [ ††.
Things that are here:
a +0 trident; a +0 dagger; an orc corpse Are you sure you want to abandon this character and quit the game? (Confirm with "yes".)

****,,,,,,,,,,,,,,,,,,,,,,,*
*,* *,********#..#*******,*,*
*,* *,* #..# *,*,* *,* # #.#
#..## *,*,* *,* ####.#**####
*...# *,*,* *,, ..,...,,,..#
*#..# *,*,* *** #**#.#***#.#
#..# *,*,** * * #.#
#.####..#######,,,,* * #.#
#...).)@.......,,*,** * #.#
#.####.#.......,,,,,* *
###.#####.####...####.#****,*
* #..............###***,*
*,****
##.#####.###.###..,,,,,*
*,,,,, ...# #.# *...,.*****,*
*,**** ...# #.#**,.####
*,*****,* ⌠..# #..,,,.#
*,,,,,,,* ..## #..*,*,#
****,*,**


There were no monsters in sight!

Vanquished Creatures
  A black bear (D:3)
  2 ogres (D:3)
  A phantom (D:4)
  The ghost of mn3067 the Magician, an amateur DECj (D:3)
  An orc priest (D:4)
  Natasha (twice) (D:3)
  An orc wizard (D:4)
  3 gnolls (D:3)
  5 adders
  2 worms
  7 orcs
  5 endoplasms
  3 giant cockroaches
  6 goblins
  9 hobgoblins
  11 jackals (D:1)
  2 quokkas
  8 ball pythons
  6 bats
  2 frilled lizards
  7 kobolds
  5 rats
90 creatures vanquished.

Vanquished Creatures (others)
  37 foxfires
37 creatures vanquished.

Grand Total: 127 creatures vanquished

Notes
Turn   | Place    | Note
-------+----------+-------------------------------------------
     0 | D:1      | Conn the Meteoran Cinder Acolyte began the quest for the
                  | Orb.
     0 | D:1      | Reached XP level 1. HP: 19/19 MP: 3/3
    31 | D:1      | Reached XP level 2. HP: 27/27 MP: 5/5
    36 | D:1      | Learned a level 2 spell: Scorch
   103 | D:1      | Reached XP level 3. HP: 30/33 MP: 3/6
   492 | D:1      | Glimpsed the power of Zot.
   545 | D:2      | Reached XP level 4. HP: 23/40 MP: 2/8
   819 | D:2      | Found a faded altar of an unknown god.
   927 | D:2      | Reached skill level 4 in Fire Magic
  1086 | D:2      | Glimpsed the power of Zot.
  1136 | D:2      | Glimpsed the power of Zot.
  1169 | D:3      | Reached XP level 5. HP: 46/46 MP: 0/9
  1309 | D:3      | Reached skill level 1 in Dodging
  1367 | D:3      | Found a transporter.
  1368 | D:3      | Noticed mn3067's ghost (amateur DECj)
  1369 | D:3      | Found a transporter.
  1369 | D:3      | Noticed an ogre
  1373 | D:3      | Noticed an ogre
  1457 | D:3      | Noticed Natasha
  1457 | D:3      | Noticed a black bear
  1484 | D:3      | Killed Natasha
  1485 | D:3      | Reached XP level 6. HP: 39/53 MP: 6/11
  1486 | D:3      | Killed a black bear
  1487 | D:3      | Reached skill level 5 in Fire Magic
  1679 | D:3      | Glimpsed the power of Zot.
  1681 | D:3      | Noticed Natasha
  1701 | D:3      | Killed Natasha
  1727 | D:3      | Glimpsed the power of Zot.
  1767 | D:3      | Glimpsed the power of Zot.
  1776 | D:3      | Glimpsed the power of Zot.
  1777 | D:3      | Touched by the power of Zot.
  1810 | D:3      | Killed an ogre
  1811 | D:3      | Reached XP level 7. HP: 33/47 MP: 9/14
  1812 | D:3      | Killed mn3067's ghost
  1813 | D:3      | Reached skill level 5 in Maces & Flails
  1813 | D:3      | Reached skill level 5 in Spellcasting
  1813 | D:3      | Reached skill level 6 in Fire Magic
  1874 | D:4      | Reached XP level 8. HP: 57/67 MP: 9/16
  1884 | D:4      | Found a staircase to the Ecumenical Temple.
  1901 | Temple   | Entered the Ecumenical Temple
  2007 | Temple   | Fell from the grace of Ignis
  2007 | Temple   | Became a worshipper of Sif Muna the Loreminder
  2142 | D:4      | Quit the game

Illustrated notes

Levels and vault maps discovered:
D:1:      saegor_arrival_simple_b, layout_basic
D:2:      layout_basic, shapermc_ecumenical_altar_starsandcircs
D:3:      layout_loops_ring, gammafunk_ghost_smash, roderic_lattice_a,
          grunt_ministairs_10, minmay_misc_feat_five, uniq_natasha
D:4:      layout_loops_ring, jmf_multi_god_temple, temple_fountains,
          chequers_serial_rivers_marsh, kennysheep_generic_room_4
Temple:   minmay_crystal_spiral_temple

Skill      XL: |  1  2  3  4  5  6  7 |
---------------+----------------------+-----
Fighting       | 4 |  4.6
Spellcasting   | 2 3 4 5 |  5.5
Fire Magic     | 4 5 6 |  6.7
Dodging        | 1 2 |  2.3
Maces & Flails | 5 |  5.1
Stealth        | |  0.1
Shields        | |  0.7

Action                   |  1- 3 |  4- 6 |  7- 9 || total
-------------------------+-------+-------+-------++-------
Melee: Mace              |    48 |    41 |     6 ||    95
 Cast: Scorch            |    14 |    56 |    14 ||    84
Invok: Foxfire Swarm     |     2 |     1 |     1 ||     4
       Rising Flame      |       |     1 |       ||     1
       Fiery Armour      |       |     1 |       ||     1
  Use: Scroll            |       |     3 |     6 ||     9
       Potion            |       |     1 |       ||     1
Armor: Robe              |    21 |    28 |       ||    49
Dodge: Dodged            |    35 |    41 |     9 ||    85
Block: Other             |     6 |    15 |     2 ||    23

Table legend: (Time is in decaauts)
 A = Elapsed time spent in this place.
 B = Non-inter-level travel time spent in this place.
 C = Inter-level travel time spent in this place.
 D = Time resting spent in this place.
 E = Time spent auto-exploring this place.
 F = Levels seen in this place.
 G = Mean time per level.
                   A        B        C        D        E       F      G
               +--------+--------+--------+--------+--------+-----+--------+
         Total |   2164 |   2102 |     62 |      0 |    751 |   5 |  432.8 |
       Dungeon |   1974 |   1973 |      1 |      0 |    697 |   4 |  493.5 |
        Temple |    190 |    129 |     61 |      0 |     54 |   1 |  190.0 |
               +--------+--------+--------+--------+--------+-----+--------+

Top non-repeatable levels by time:
     D:3: 698 daAuts
     D:1: 693 daAuts
     D:2: 498 daAuts
  Temple: 190 daAuts
     D:4: 83 daAuts
